 Dungeon Crawl Stone Soup version 0.31-a0-931-g7b59d4eb97 (webtiles) character file.

Game seed: 17780772824245180407

2689 IndexError the Grappler (level 9, -2/84 HPs)
             Began as a Troll Shapeshifter on Oct 19, 2023.
             Was a Follower of Hepliaklqana.
             Killed from afar by a steam dragon (22 damage)
             ... with a ball of steam
             ... on level 6 of the Dungeon.
             The game lasted 00:08:07 (5121 turns).

IndexError the Grappler (Troll Shapeshifter)        Turns: 5121, Time: 00:08:08

Health: -2/84      AC:  4    Str: 24    XL:     9   Next: 38%
Magic:  8/8        EV:  9    Int: 10    God:    Hepliaklqana [*.....]
Gold:   296        SH:  0    Dex:  9    Spells: 8/8 levels left

rFire   . .          .
                       - Unarmed
rCold   . . .        u - orb {light}
rNeg    + . .        a - +0 animal skin
rPois   +            (helmet currently unavailable)
rElec   .            z - melded scarf {rC+ rF+}
rCorr   .            (gloves unavailable)
SInv    .            (boots unavailable)
Will    .....        t - amulet of regeneration {+regen, !d}
Stlth   +            i - ring of poison resistance {rPois, !d}
HPRegen 1.94/turn    A - ring of positive energy {rN+}
MPRegen 0.11/turn

%: no passive effects
@: beast-form, glowing
A: beast (slay +1), reduced essence, large, unfitting armour, claws 3,
regeneration 1, shaggy fur 1, tough skin 1
a: Begin Untransformation, Renounce Religion, Recall Ancestor, Ancestor Identity


You were on level 6 of the Dungeon.
You worshipped Hepliaklqana.
Hepliaklqana was aware of your devotion.
You were a hulking beast.
You visited 1 branch of the dungeon, and saw 6 of its levels.

You collected 296 gold pieces.

Inventory:

Missiles
 B - 3 javelins
 D - 3 large rocks {!d}
 E - 5 poisoned darts
 F - 4 boomerangs
Armour
 a - a +0 animal skin (worn)
 s - a +0 cloak
   (You found it on level 3 of the Dungeon)
 u - an orb of light (worn)
   (You found it on level 4 of the Dungeon)
 z - a scarf of resistance (melded)
   (You found it on level 4 of the Dungeon)
Jewellery
 i - a ring of poison resistance (left claw) {rPois, !d}
   (You found it on level 1 of the Dungeon)
 l - a ring of fire {rF+, rC-}
   (You found it on level 2 of the Dungeon)
 t - an amulet of regeneration (around neck) {+regen, !d}
   (You found it on level 3 of the Dungeon)
 y - a ring of ice {rC+, rF-}
   (You found it on level 4 of the Dungeon)
 A - a ring of positive energy (right claw) {rN+}
   (You found it on level 5 of the Dungeon)
Talismans
 c - a beast talisman (active)
 d - a flux talisman
Wands
 v - a wand of light (16)
   (You found it on level 4 of the Dungeon)
Scrolls
 e - 2 scrolls of revelation {unknown}
 f - 5 scrolls of teleportation {unknown}
 h - 3 scrolls of poison {unknown}
 j - 2 scrolls of fog {unknown}
 m - a scroll of vulnerability {unknown}
 n - 5 scrolls of identify {unknown}
 o - a scroll of blinking {unknown}
 p - a scroll of amnesia {unknown}
 r - a scroll of silence {unknown}
 C - 2 scrolls of immolation {unknown}
Potions
 b - 2 potions of lignification {!q}
 g - a potion of invisibility {unknown}
 k - a potion of enlightenment {unknown}
 q - a potion of curing {unknown}
 w - a potion of haste {unknown}
 x - a potion of heal wounds {unknown}


   Skills:
 + Level 7.6 Fighting
 - Level 1.5 Dodging
 + Level 9.6 Unarmed Combat
 - Level 3.0 Shapeshifting


You had 8 spell levels left.
You didn't know any spells.
Your spell library contained the following spells:

 Spells                   Type           Power      Damage    Failure   Level
 Sting                    Tmut/Pois      0%         1d3       36%         1
 Poisonous Vapours        Pois/Air       0%         N/A       50%         2
 Olgreb's Toxic Radiance  Pois           0%         N/A       98%         4


Dungeon Overview and Level Annotations

Branches:
Dungeon (6/15)
 Temple: D:4-7

Altars:
Ashenzari
Dithmenos
Elyvilon
Gozag
Hepliaklqana
Okawaru
Sif Muna
Vehumet
The Shining One

Shops:
D:1 [


Innate Abilities, Weirdness & Mutations

You are a hulking beast.
Your limbs bulge with bestial killing power. (Slay +1)
Your life essence is reduced to manifest your ancestor. (-10% HP)
You are too large for most types of armour.
You have claws for hands.
Your natural rate of healing is unusually fast.
You are covered in fur. (AC +1)
You have tough skin. (AC +1)


Message History

You take 10 damage, and have 49/75 hp.
You claw the iguana!
Beli-Ashared closely misses the iguana.
You claw the iguana!
Prince Ribbit lets out a mournful croak.
You regained 2 hp, and now have 52/75 hp.
You swap places.
Prince Ribbit hits you!
You take 8 damage, and have 44/75 hp.
You are too injured to fight recklessly!
You are too injured to fight recklessly!
You are too injured to fight recklessly!
You claw Prince Ribbit!
A shadow comes into view.
Health restored: 75 You scratch the shadow.
The shadow hits you.
You scratch the shadow but do no damage.
The shadow barely misses you.
You barely miss the shadow.
Beli-Ashared hits the shadow but does no damage.
The shadow hits Beli-Ashared.
You mangle the shadow!!
Your Fighting skill increases to level 7!
Your Unarmed Combat skill increases to level 9!
You have reached level 9!
Your experience leads to an increase in your attributes!
Increase (s)trength, (i)ntelligence, or (d)exterity?
You feel clever. x2; You feel stronger.
Beli-Ashared remembers more of his old skill.
Health restored: 83; MP restored: 8 A two-headed ogre comes into view.
It is wielding a +0 giant club and a +0 giant spiked club.
The two-headed ogre shouts in stereo!
You hear an angry hiss.
A steam dragon comes into view.
The two-headed ogre hits you with a +0 giant club!
The two-headed ogre hits you with a +0 giant spiked club!!
You take 36 damage, and have 47/83 hp.
MASSIVE DAMAGE!!
You are too injured to fight recklessly!
You are too injured to fight recklessly!
You claw the two-headed ogre!
The two-headed ogre hits you with a +0 giant club!!
The two-headed ogre hits you with a +0 giant spiked club!
* * * LOW HITPOINT WARNING * * *
You take 30 damage, and have 17/83 hp.
MASSIVE DAMAGE!!
You mangle the two-headed ogre!!
Beli-Ashared hits the two-headed ogre.
You regained 2 hp, and now have 19/83 hp.
You mangle the two-headed ogre!!
The two-headed ogre hits you with a +0 giant club.
* * * LOW HITPOINT WARNING * * *
The two-headed ogre hits you with a +0 giant spiked club!
* * * LOW HITPOINT WARNING * * *
You take 14 damage, and have 5/83 hp.
You scratch the two-headed ogre.
The steam dragon bites Beli-Ashared!
The steam dragon claws Beli-Ashared.
You regained 2 hp, and now have 7/84 hp.
You swap places.
The steam dragon closely misses you. The steam dragon claws you.
* * * LOW HITPOINT WARNING * * *
Things that are here:
a +0 giant club; a +0 giant spiked club; a two-headed ogre corpse You take 1 damage, and have 6/84 hp.
Beli-Ashared hits the steam dragon!
You regained 2 hp, and now have 8/84 hp.
Beli-Ashared hits the steam dragon but does no damage.
You regained 2 hp, and now have 10/84 hp.
Beli-Ashared hits the steam dragon.
The steam dragon bites Beli-Ashared.
The steam dragon claws Beli-Ashared.
You regained 2 hp, and now have 12/84 hp.
Beli-Ashared hits the steam dragon.
The steam dragon bites Beli-Ashared!
The steam dragon claws Beli-Ashared.
You regained 2 hp, and now have 14/84 hp.
Beli-Ashared hits the steam dragon.
You regained 2 hp, and now have 16/84 hp.
You regained 2 hp, and now have 18/84 hp.
You regained 2 hp, and now have 21/84 hp.
You regained 2 hp, and now have 23/84 hp.
You regained 4 hp, and now have 27/84 hp.
The steam dragon breathes steam at you. The ball of steam hits you!!
* * * LOW HITPOINT WARNING * * *
You hear a shout!
You take 17 damage, and have 10/84 hp.
MASSIVE DAMAGE!!
You are engulfed in a cloud of scalding steam.
You regained 2 hp, and now have 12/84 hp.
You regained 2 hp, and now have 14/84 hp.
You regained 2 hp, and now have 16/84 hp.
You regained 2 hp, and now have 18/84 hp.
You regained 2 hp, and now have 20/84 hp.
The steam dragon breathes steam at you. The ball of steam hits you!
* * * LOW HITPOINT WARNING * * *
You take 10 damage, and have 10/84 hp.
You are engulfed in a cloud of scalding steam.
* * * LOW HITPOINT WARNING * * *
You take 1 damage, and have 9/84 hp.
You see here a +0 ring mail.
You regained 2 hp, and now have 11/84 hp.
You regained 2 hp, and now have 13/84 hp.
You regained 2 hp, and now have 15/84 hp.
You regained 2 hp, and now have 18/84 hp.
The steam dragon breathes steam at you. The ball of steam hits you!!
You die...

........#...
............
............
###.........
#######+#. ###### #.#.
#....# #.#.
######....#########...
#<...h§§..[DR....DR§..
###############.....#.
#.....#. #.....#.
#....... #.......
#....... #.......
#.......


There were no monsters in sight!

Vanquished Creatures
  A two-headed ogre (D:6)
  Pikel (D:4)
  Prince Ribbit (D:6)
  A shadow (D:6)
  A water moccasin (D:5)
  Duvessa (D:5)
  3 ogres
  A centaur (D:6)
  2 scorpions (D:5)
  Dowan (D:5)
  3 hounds
  A sleepcap (D:5)
  Crazy Yiuf (D:5)
  3 orc wizards
  Ijyb (D:4)
  Natasha (thrice) (D:4)
  2 iguanas
  7 adders
  4 shadow imps
  A white imp (D:5)
  4 dart slugs
  18 orcs
  3 ball pythons
  4 endoplasms
  2 giant cockroaches
  4 goblins
  4 hobgoblins (D:3)
  11 jackals
  3 bats
  2 frilled lizards
  3 kobolds
  5 rats
102 creatures vanquished.

Vanquished Creatures (collateral kills)
  An orc (D:5)
1 creature vanquished.

Grand Total: 103 creatures vanquished

Notes
Turn   | Place    | Note
-------+----------+-------------------------------------------
     0 | D:1      | IndexError the Troll Shapeshifter began the quest for the
                  | Orb.
     0 | D:1      | Reached XP level 1. HP: 18/18 MP: 0/0
    33 | D:1      | Found Cuoptay's Antique Armour Boutique.
   324 | D:1      | Reached skill level 1 in Fighting
   409 | D:1      | Reached XP level 2. HP: 27/27 MP: 1/1
   774 | D:2      | Found a faded altar of an unknown god.
   897 | D:2      | Noticed an ogre
   903 | D:2      | Killed an ogre
   904 | D:2      | Reached skill level 2 in Fighting
   904 | D:2      | Reached skill level 4 in Unarmed Combat
   904 | D:2      | Reached XP level 3. HP: 36/36 MP: 2/2
   904 | D:2      | Reached XP level 4. HP: 44/44 MP: 3/3
  1450 | D:3      | Found an iron altar of Okawaru.
  1516 | D:3      | Found Esaloihu's General Store.
  1535 | D:3      | Found an opulent altar of Gozag.
  1538 | D:3      | Reached skill level 3 in Fighting
  1538 | D:3      | Reached XP level 5. HP: 48/53 MP: 4/4
  1553 | D:3      | Found a radiant altar of Vehumet.
  1657 | D:3      | Found a faded altar of an unknown god.
  2032 | D:4      | Noticed Natasha
  2045 | D:4      | Killed Natasha
  2046 | D:4      | Reached skill level 5 in Unarmed Combat
  2241 | D:4      | Noticed Natasha
  2247 | D:4      | Killed Natasha
  2340 | D:4      | Reached XP level 6. HP: 59/61 MP: 5/5
  2378 | D:4      | Noticed Pikel
  2392 | D:4      | Killed Pikel
  2393 | D:4      | Reached skill level 4 in Fighting
  2393 | D:4      | Reached skill level 6 in Unarmed Combat
  2393 | D:4      | Reached XP level 7. HP: 33/71 MP: 6/6
  2478 | D:4      | Noticed Ijyb
  2484 | D:4      | Killed Ijyb
  2485 | D:4      | Reached skill level 5 in Fighting
  2574 | D:3      | Found a hazy altar of Hepliaklqana.
  2595 | D:4      | Noticed Natasha
  2603 | D:4      | Killed Natasha
  2848 | D:3      | Became a worshipper of Hepliaklqana the Forgotten
  2953 | D:4      | Reached skill level 7 in Unarmed Combat
  3159 | D:5      | Entered Level 5 of the Dungeon
  3252 | D:5      | Noticed Duvessa
  3253 | D:5      | Noticed Dowan
  3261 | D:5      | Killed Duvessa
  3262 | D:5      | Reached XP level 8. HP: 42/81 MP: 7/7
  3267 | D:5      | HP: 18/81 [white imp (5)]
  3274 | D:5      | HP: 17/81 [Dowan/stone arrow (14)]
  3276 | D:5      | Killed Dowan
  3328 | D:5      | Found a white marble altar of Elyvilon.
  3358 | D:5      | Found a shadowy altar of Dithmenos.
  3360 | D:5      | Found a shimmering blue altar of Sif Muna.
  3366 | D:5      | Found a broken altar of Ashenzari.
  3366 | D:5      | Found a glowing golden altar of the Shining One.
  3568 | D:5      | Reached * piety under Hepliaklqana
  3633 | D:5      | Reached skill level 6 in Fighting
  3640 | D:5      | Reached skill level 8 in Unarmed Combat
  3734 | D:5      | Found a runed translucent door.
  3735 | D:5      | Noticed Crazy Yiuf
  4498 | D:5      | Killed Crazy Yiuf
  5049 | D:6      | Noticed Prince Ribbit
  5056 | D:6      | Killed Prince Ribbit
  5084 | D:6      | Reached skill level 7 in Fighting
  5084 | D:6      | Reached skill level 9 in Unarmed Combat
  5084 | D:6      | Reached XP level 9. HP: 83/83 MP: 8/8
  5088 | D:6      | Noticed a two-headed ogre
  5092 | D:6      | HP: 17/83 [two-headed ogre/+0 giant club (10)]
  5094 | D:6      | HP: 5/83 [two-headed ogre/+0 giant club (10)]
  5095 | D:6      | Killed a two-headed ogre
  5108 | D:6      | HP: 10/84 [steam dragon/ball of steam (19)]
  5114 | D:6      | HP: 10/84 [something/ball of steam (12)]
  5121 | D:6      | Killed from afar by a steam dragon

Illustrated notes

Levels and vault maps discovered:
D:1:      dpeg_arrival_arbitrary_a, layout_basic, serial_shops, shop
D:2:      layout_loops_ring, dreamdust_ecumenical_altar_angels_and_demons
D:3:      layout_loops_ring, mainiacjoe_overflow_brackets,
          nicolae_overflow_ecumenical_swirl, jmf_multi_god_temple, serial_shops,
          shop
D:4:      layout_loops_ring, uniq_natasha, uniq_pikel, uniq_ijyb
D:5:      layout_layer_cave, grunt_temple_overflow_open,
          mainiacjoe_overflow_alcove_2, uniq_duvessa, uniq_crazy_yiuf_cottage
D:6:      layout_basic, minmay_temple_entry_offerings,
          gammafunk_ghost_necromancy, minmay_manual_macuahuitl,
          uniq_prince_ribbit1, uniq_jeremiah

Skill      XL: |  1  2  3  4  5  6  7  8 |
---------------+-------------------------+-----
Fighting       | 1 2 3 4 5 7 |  7.6
Unarmed Combat | 4 5 6 7 9 |  9.6
Dodging        | |  1.5
Shapeshifting  | |  3.0

Action                     |  1- 3 |  4- 6 |  7- 9 || total
---------------------------+-------+-------+-------++-------
  Melee: Unarmed           |    35 |    89 |   144 ||   268
   Stab: Distracted        |       |       |     1 ||     1
 Armour: Animal skin       |    22 |    58 |   106 ||   186
  Dodge: Dodged            |    15 |    29 |    67 ||   111
         Form:             |       |       |     1 ||     1
         Beast             |       |       |     1 ||     1

Table legend: (Time is in decaauts)
 A = Elapsed time spent in this place.
 B = Non-inter-level travel time spent in this place.
 C = Inter-level travel time spent in this place.
 D = Time resting spent in this place.
 E = Time spent auto-exploring this place.
 F = Levels seen in this place.
 G = Mean time per level.
                   A        B        C        D        E       F      G
               +--------+--------+--------+--------+--------+-----+--------+
         Total |   5112 |   4148 |    964 |      0 |   3482 |   6 |  852.0 |
       Dungeon |   5112 |   4148 |    964 |      0 |   3482 |   6 |  852.0 |
               +--------+--------+--------+--------+--------+-----+--------+

Top non-repeatable levels by time:
     D:5: 1592 daAuts
     D:4: 1013 daAuts
     D:2: 887 daAuts
     D:3: 815 daAuts
     D:1: 651 daAuts
     D:6: 151 daAuts

Levels and vault maps discovered:
D:1:      dpeg_arrival_arbitrary_a, layout_basic, serial_shops, shop
D:2:      layout_loops_ring, dreamdust_ecumenical_altar_angels_and_demons
D:3:      layout_loops_ring, mainiacjoe_overflow_brackets,
          nicolae_overflow_ecumenical_swirl, jmf_multi_god_temple, serial_shops,
          shop
D:4:      layout_loops_ring, uniq_natasha, uniq_pikel, uniq_ijyb
D:5:      layout_layer_cave, grunt_temple_overflow_open,
          mainiacjoe_overflow_alcove_2, uniq_duvessa, uniq_crazy_yiuf_cottage
D:6:      layout_basic, minmay_temple_entry_offerings,
          gammafunk_ghost_necromancy, minmay_manual_macuahuitl,
          uniq_prince_ribbit1, uniq_jeremiah

Table legend: (Time is in decaauts)
 A = Elapsed time spent in this place.
 B = Non-inter-level travel time spent in this place.
 C = Inter-level travel time spent in this place.
 D = Time resting spent in this place.
 E = Time spent auto-exploring this place.
 F = Levels seen in this place.
 G = Mean time per level.
                   A        B        C        D        E       F      G
               +--------+--------+--------+--------+--------+-----+--------+
         Total |   5112 |   4148 |    964 |      0 |   3482 |   6 |  852.0 |
       Dungeon |   5112 |   4148 |    964 |      0 |   3482 |   6 |  852.0 |
               +--------+--------+--------+--------+--------+-----+--------+

Top non-repeatable levels by time:
     D:5: 1592 daAuts
     D:4: 1013 daAuts
     D:2: 887 daAuts
     D:3: 815 daAuts
     D:1: 651 daAuts
     D:6: 151 daAuts

Table legend:
 A = Kills in this place as a percentage of kills in the entire game.
 B = Kills by you in this place as a percentage of kills by you in the entire game.
 C = Kills by friends in this place as a percentage of kills by friends in the entire game.
 D = Other kills in this place as a percentage of other kills in the entire game.
 E = Experience gained in this place as a percentage of experience gained in the entire game.
 F = Experience gained in this place divided by the number of levels of this place that you have seen.
                   A       B       C       D       E      F
               +-------+-------+-------+-------+-------+----------------------
         Total | 100.0 | 100.0 | 100.0 |   N/A | 100.0 | 640.3
       Dungeon | 100.0 | 100.0 | 100.0 |   N/A | 100.0 | 640.3
               +-------+-------+-------+-------+-------+----------------------
